 Dungeon Crawl Stone Soup version 0.25-a0-109-ge9c0e85935 (webtiles) character file.

Game seed: 16122346481962669960, levelgen mode: deterministic

31344 Leeroy the Carver (level 13, -4/122 HPs)
             Began as a Grey Draconian Skald on Nov 18, 2019.
             Was a High Priest of Vehumet.
             Slain by a spiny frog (17 damage)
             ... on level 5 of the Lair of Beasts.
             The game lasted 01:22:25 (18547 turns).

Leeroy the Carver (Grey Draconian Skald)           Turns: 18547, Time: 01:22:26

Health: -4/122     AC: 18    Str: 14    XL:     13   Next: 25%
Magic:  25/25      EV: 18    Int: 15    God:    Vehumet [*****.]
Gold:   766        SH:  0    Dex: 18    Spells: 4/28 levels left

rFire    + . .     SeeInvis .   u - +3 great sword
rCold    x . .     Gourm    .   (shield currently unavailable)
rNeg     . . .     Faith    .   (armour unavailable)
rPois    .         Spirit   .   (helmet restricted)
rElec    .         Reflect  .   y - +0 cloak
rCorr    .         Harm     .   g - +2 pair of gloves
MR       .....                  A - +0 pair of boots
Stlth    ++........             J - amulet of regeneration
HPRegen  0.70/turn              m - +4 ring of dexterity
MPRegen  0.19/turn              M - ring of fire

@: very slightly contaminated
A: walk through water, unfitting armour, blurry vision 1, robust 1, unbreathing,
cold-blooded, AC +13
a: Renounce Religion


You were on level 5 of the Lair of Beasts.
You worshipped Vehumet.
Vehumet was extremely pleased with you.
You were not hungry.

You visited 5 branches of the dungeon, and saw 21 of its levels.
You also visited: Gauntlet.

You collected 942 gold pieces.
You spent 176 gold pieces at shops.

Inventory:

Hand Weapons
 u - a +3 great sword (weapon)
 K - the +1 falchion of Corruption {vamp, -Tele rPois Int+5 SInv}
   (You bought it in a shop on level 5 of the Dungeon)

   It inflicts no extra harm, but heals its wielder when it wounds a living foe.
   It affects your intelligence (+5).
   It protects you from poison.
   It lets you see invisible.
   It prevents most forms of teleportation.
 T - the +7 dagger of Desertification {freeze, rElec Int+7}
   (You found it on level 11 of the Dungeon)

   It has been specially enchanted to freeze those struck by it, causing extra
   injury to most foes and up to half again as much damage against particularly
   susceptible opponents.
   It can also slow down cold-blooded creatures.
   It affects your intelligence (+7).
   It insulates you from electricity.
 U - a cursed +4 long sword
Missiles
 v - 6 datura-tipped darts
 Q - 33 poisoned darts (quivered)
Armour
 b - a scarf of spirit shield
 g - a +2 pair of gloves (worn)
 y - a +0 cloak (worn)
 A - a +0 pair of boots (worn)
Magical Staves
 D - an uncursed staff of earth
Jewellery
 m - a +4 ring of dexterity (left hand)
 n - an uncursed ring of protection from fire
 o - a +3 ring of intelligence
 J - an amulet of regeneration (around neck)
 M - a ring of fire (right hand)
 R - an uncursed ring of protection from magic
 X - the ring "Nerilod" {MR+ Int+5 Dex-5 Slay+2 Stlth+}
   (You found it in a Gauntlet)

   [ring of slaying]

   It affects your intelligence (+5).
   It affects your dexterity (-5).
   It affects your accuracy and damage with ranged weapons and melee attacks
   (+2).
   It affects your resistance to hostile enchantments.
   It makes you more stealthy.
Wands
 B - a wand of acid (10)
 L - a wand of paralysis (11)
 P - a wand of random effects (17)
 V - a wand of enslavement (7)
 Y - a wand of digging (5)
 Z - a wand of flame (22)
Scrolls
 f - a scroll of amnesia
 h - a scroll of vulnerability {unknown}
 i - 3 scrolls of magic mapping {unknown}
 k - 7 scrolls of teleportation
 l - 9 scrolls of remove curse
 q - 5 scrolls of fear
 r - 5 scrolls of blinking
 C - 3 scrolls of enchant armour
 F - 2 scrolls of enchant weapon
 I - 2 scrolls of fog {unknown}
Potions
 a - a potion of haste {unknown}
 d - a potion of berserk rage {unknown}
 j - 2 potions of cancellation
 s - 4 potions of mutation
 t - a potion of lignification {unknown}
 w - 4 potions of might
 z - 3 potions of flight
 E - 6 potions of agility
 G - 7 potions of curing
 H - a potion of degeneration {unknown}
 N - 2 potions of resistance
 O - a potion of brilliance {unknown}
 S - a potion of magic {unknown}
Miscellaneous
 e - a lamp of fire
 p - a phial of floods
 x - a sack of spiders
Comestibles
 c - 24 rations
 W - 2 chunks of flesh


   Skills:
 - Level 9.0 Fighting
 + Level 13.8 Long Blades
 - Level 8.0 Dodging
 - Level 8.0 Spellcasting
 - Level 5.1 Conjurations
 - Level 4.2 Hexes
 - Level 6.0 Charms
 - Level 2.1 Necromancy
 - Level 0.3 Ice Magic
 - Level 6.1 Earth Magic
 - Level 1.6 Poison Magic
 - Level 1.1 Evocations


You had 4 spell levels left.
You knew the following spells:

 Your Spells              Type           Power        Failure   Level  Hunger
b - Spectral Weapon       Hex/Chrm       ###.....     4%          3    ##.....
c - Regeneration          Chrm/Necr      ###.......   7%          3    ##.....
d - Shroud of Golubria    Chrm/Tloc      ###...       5%          2    None
f - Throw Flame           Conj/Fire      ###...       1%          2    None
g - Throw Frost           Conj/Ice       ##....       1%          2    None
h - Bolt of Magma         Conj/Fire/Erth ####......   17%         5    #####..
i - Olgreb's Toxic Radia  Pois           ##......     16%         4    ####...
j - Mephitic Cloud        Conj/Pois/Air  ##......     4%          3    ##.....

Your spell library contained the following spells:

 Spells                   Type           Power        Failure   Level  Hunger
 Throw Icicle             Conj/Ice       ##......     11%         4    ####...
 Infusion                 Chrm           ###.         1%          1    None
 Magic Dart               Conj           ###.         1%          1    None
 Song of Slaying          Chrm           ###.....     1%          2    None
 Dazzling Spray           Conj/Hex       ###...       1%          3    ##.....
 Confusing Touch          Hex            ###...       2%          1    None
 Corona                   Hex            ###....      2%          1    None
 Slow                     Hex            ###.....     3%          2    None
 Conjure Flame            Conj/Fire      ###.....     3%          3    ##.....
 Animate Skeleton         Necr           N/A          4%          1    None
 Confuse                  Hex            ###.....     6%          3    ##.....
 Tukima's Dance           Hex            ###.....     6%          3    ##.....
 Ensorcelled Hibernation  Hex/Ice        ##....       7%          2    None
 Apportation              Tloc           #.....       12%         1    None
 Summon Butterflies       Summ           #.......     12%         1    None
 Summon Small Mammal      Summ           #...         12%         1    None
 Blink                    Tloc           N/A          19%         2    None
 Call Imp                 Summ           #.......     19%         2    None
 Lesser Beckoning         Tloc           #.........   34%         3    ##.....
 Iskenderun's Battlesphe  Conj/Chrm      ###.....     9%          5    #####..
 Venom Bolt               Conj/Pois      ###.......   21%         5    #####..
 Iron Shot                Conj/Erth      ###.......   41%         6    #######
 Alistair's Intoxication  Tmut/Pois      #.......     93%         5    #####..
 Orb of Destruction       Conj           ###.......   94%         7    #######
 Invisibility             Hex            ###.....     97%         6    #######
 Spellforged Servitor     Conj/Summ      ##........   100%        7    #######


Dungeon Overview and Level Annotations

Branches:
Dungeon (12/15)            Temple (1/1) D:6            Lair (6/6) D:11
 Shoals (1/4) Lair:2        Slime (1/5) Lair:5      Gauntlet (visited)
  Snake: Lair:2-4    Spider: Lair:2-4       Orc: D:9-12

Altars:
Ashenzari
Elyvilon
Fedhas
Gozag
Hepliaklqana
Kikubaaqudgha
Makhleb
Nemelex Xobeh
Qazlal
Uskayaw
Vehumet
Wu Jian
Zin
Jiyva

Shops:
D:5 (

Annotations:
D:6 1 runed translucent door, Hyawatha's ghost, novice DEAM
Lair:2 exclusion: oklob plant
Lair:5 exclusion: oklob plant


Innate Abilities, Weirdness & Mutations

You can walk through water.
Your dull iron-grey scales are very hard. (AC +13)
You cannot fit into any form of body armour.
You can survive without breathing.
You are cold-blooded and may be slowed by cold attacks.
Scrolls take you a little longer to read.
You are robust. (+10% HP)


Message History

Okay, then.
Okay, then.
Okay, then.
Casting: Spectral Weapon (safe; 4% risk of failure)
Confirm with . or Enter, or press ? or * to list all spells.
Okay, then.
Your skin stops crawling.
The spiny frog stings you but does no damage.
The spiny frog stings you.
* * * LOW HITPOINT WARNING * * *
You slash the spiny frog!
You tail-slap the spiny frog, but do no damage.
The spiny frog is almost dead.
The spiny frog stings you but does no damage.
You completely miss the spiny frog.
The spiny frog is almost dead.
The spiny frog stings you!
* * * LOW HITPOINT WARNING * * *
The spiny frog stings you!
You die...

#..## #...## ##..#### ...#
##P...#### ##..##
...#####........# ###...#####
...>..##........# ###.#...P.^.###
....#..........## #..........##.#
...P##P.P......######........P.##
....###..........# #........†P..#
...## #.+......P.###........>.#..
...## #.#.......@.##.........#..#
....# ##.......PPFP..........####
....# ####...##..............#
P.#.# ######...#.........## ....#
#P.#####..P##### ...##
#####.#.P..##.## ...#
##.........## ..## ####
#..........## +###
#..###...........##


You could see a spiny frog.

Vanquished Creatures
  A hydra (Lair:1)
  A queen ant (Gauntlet)
  A two-headed ogre (D:7)
  A fire crab (Gauntlet)
  A necromancer (Gauntlet)
  An ugly thing (D:10)
  2 black mambas
  3 spiny frogs
  4 kobold demonologists (D:11)
  A komodo dragon (Lair:4)
  6 rime drakes
  A merfolk (D:11)
  A troll (D:11)
  A polar bear (Lair:2)
  3 blink frogs (Lair:2)
  10 hippogriffs
  6 dream sheep (Lair:4)
  6 slime creatures
  A shadow (D:12)
  A water elemental (Shoals:1)
  3 fire bats (Gauntlet)
  A vampire (D:10)
  Grum (Lair:1)
  2 wyverns
  35 yaks
  5 vampire mosquitoes
  3 hell hounds (Gauntlet)
  6 soldier ants (Gauntlet)
  8 water moccasins
  9 porcupines
  2 orc warriors
  A necrophage (D:5)
  A sky beast (D:8)
  2 black bears
  11 ice beasts
  4 ogres
  14 wolves
  11 centaurs
  12 crocodiles
  3 big kobolds
  16 bullfrogs
  6 scorpions
  13 wights
  7 bullfrog zombies
  4 crimson imps
  5 orc wizards
  3 centaur skeletons
  3 hounds
  6 orc priests
  2 jellies
  3 bullfrog skeletons
  3 iguanas
  5 worker ants
  2 hell rats (Lair:6)
  A worker ant zombie (D:7)
  8 gnolls
  12 adders
  12 river rats (Lair:6)
  5 shadow imps
  An adder zombie (D:4)
  4 worms
  4 dart slugs
  5 leopard geckos
  25 orcs
  A ball python (D:1)
  9 giant cockroaches
  9 goblins
  10 hobgoblins
  7 jackals
  5 quokkas
  8 bats
  10 frilled lizards
  15 kobolds
  A quokka skeleton (D:4)
  A quokka zombie (D:5)
  6 rats
  A fungus (Lair:5)
424 creatures vanquished.

Vanquished Creatures (others)
  A kobold (D:8)
  4 demonic plants (Gauntlet)
  2 plants (D:11)
  7 spectral weapons
  5 toadstools (D:6)
19 creatures vanquished.

Grand Total: 443 creatures vanquished

Notes
Turn   | Place    | Note
-------+----------+-------------------------------------------
     0 | D:1      | Leeroy the Draconian Skald began the quest for the Orb.
     0 | D:1      | Reached XP level 1. HP: 17/17 MP: 3/3
   142 | D:1      | Reached XP level 2. HP: 10/24 MP: 3/5
   227 | D:1      | Reached skill level 3 in Long Blades
   692 | D:2      | Found a shattered altar of Ashenzari.
   702 | D:2      | Reached XP level 3. HP: 27/29 MP: 2/6
   767 | D:3      | Reached skill level 4 in Long Blades
   772 | D:3      | Learned a level 3 spell: Spectral Weapon
   851 | D:3      | Reached XP level 4. HP: 33/36 MP: 5/7
  1462 | D:2      | Reached skill level 5 in Long Blades
  1622 | D:2      | Reached XP level 5. HP: 42/42 MP: 8/8
  2353 | D:4      | Noticed an ogre
  2364 | D:5      | Entered Level 5 of the Dungeon
  2421 | D:5      | Noticed an ogre
  2513 | D:5      | Reached XP level 6. HP: 52/53 MP: 9/9
  2518 | D:5      | Learned a level 3 spell: Regeneration
  2521 | D:5      | Learned a level 2 spell: Shroud of Golubria
  2639 | D:5      | Reached skill level 5 in Fighting
  2690 | D:5      | Reached skill level 1 in Hexes
  2745 | D:5      | Found a hide-covered altar of Uskayaw.
  2745 | D:5      | Found an ancient bone altar of Kikubaaqudgha.
  2750 | D:5      | Found a hazy altar of Hepliaklqana.
  2752 | D:5      | Found an ornate altar of the Wu Jian Council.
  2754 | D:5      | Found a glowing silver altar of Zin.
  2787 | D:5      | Noticed a wyvern
  2962 | D:5      | HP: 2/56 [wyvern (11)]
  2970 | D:5      | Killed a wyvern
  2970 | D:5      | Your scales start taking on a dull iron-grey colour.
  2970 | D:5      | Reached XP level 7. HP: 42/61 MP: 1/10
  2970 | D:5      | Gained mutation: You can survive without breathing. [Grey
                  | Draconian growth]
  3201 | D:5      | Found Yvosmuig's Antique Weapon Shoppe.
  3387 | D:6      | Found a runed translucent door.
  3387 | D:6      | Noticed a yak
  3388 | D:6      | Noticed Hyawatha's ghost (novice DEAM)
  3461 | D:6      | Reached XP level 8. HP: 60/72 MP: 11/11
  3468 | D:6      | Found a staircase to the Ecumenical Temple.
  3490 | Temple   | Entered the Ecumenical Temple
  3576 | Temple   | Became a worshipper of Vehumet
  3811 | D:5      | Bought an ancient falchion for 176 gold pieces
  3811 | D:5      | Identified the cursed +1 falchion of Corruption {vamp,
                  | -Tele rPois Int+5 SInv} (You bought it in a shop on level 5
                  | of the Dungeon)
  4711 | D:7      | Reached skill level 5 in Dodging
  4737 | D:7      | Reached XP level 9. HP: 72/82 MP: 12/12
  5019 | D:7      | Reached * piety under Vehumet
  5019 | D:7      | Offered knowledge of Freeze by Vehumet.
  5022 | D:7      | Learned a level 1 spell: Freeze
  5285 | D:8      | Noticed a two-headed ogre
  5314 | D:7      | Killed a two-headed ogre
  5314 | D:7      | Reached skill level 5 in Spellcasting
  6318 | D:7      | Reached skill level 6 in Long Blades
  6687 | D:8      | Reached ** piety under Vehumet
  6849 | D:8      | Reached XP level 10. HP: 86/91 MP: 19/19
  7223 | D:9      | Offered knowledge of Throw Flame by Vehumet.
  7227 | D:9      | Learned a level 2 spell: Throw Flame
  7428 | D:9      | Reached skill level 7 in Long Blades
  7987 | D:9      | Reached skill level 8 in Long Blades
  8195 | D:10     | Entered Level 10 of the Dungeon
  8616 | D:11     | Reached skill level 9 in Long Blades
  8624 | D:11     | Reached skill level 1 in Conjurations
  8634 | D:11     | Offered knowledge of Throw Frost by Vehumet.
  8642 | D:11     | Learned a level 2 spell: Throw Frost
  8648 | D:11     | Learned a level 5 spell: Bolt of Magma
  8764 | D:11     | Reached skill level 1 in Earth Magic
  8953 | D:11     | Got a fine dagger
  8954 | D:11     | Identified the +7 dagger of Desertification {freeze, rElec
                  | Int+7} (You found it on level 11 of the Dungeon)
  9335 | D:11     | Found a staircase to the Lair.
  9402 | D:11     | Reached *** piety under Vehumet
  9402 | D:11     | Reached skill level 5 in Earth Magic
  9883 | D:11     | Reached XP level 11. HP: 88/97 MP: 20/20
 10026 | D:11     | Noticed a sun demon
 10028 | D:11     | Noticed a sun demon
 10534 | D:12     | Reached skill level 10 in Long Blades
 10829 | D:12     | Offered knowledge of Olgreb's Toxic Radiance by Vehumet.
 11112 | D:12     | Noticed a five-headed hydra
 11420 | D:10     | Learned a level 4 spell: Olgreb's Toxic Radiance
 11608 | D:10     | Noticed a cyan ugly thing
 11886 | D:10     | Reached skill level 5 in Conjurations
 11927 | D:10     | Reached **** piety under Vehumet
 12316 | D:10     | Offered knowledge of Yara's Violent Unravelling by Vehumet.
 12344 | D:10     | Killed a cyan ugly thing
 12641 | D:11     | Reached skill level 5 in Charms
 12839 | Lair:1   | Entered Level 1 of the Lair of Beasts
 12935 | Lair:1   | Noticed a five-headed hydra
 12950 | Lair:1   | Killed a five-headed hydra
 12950 | Lair:1   | Reached skill level 1 in Necromancy
 13317 | Lair:1   | Reached XP level 12. HP: 89/104 MP: 11/22
 13410 | Lair:1   | Noticed Grum
 13418 | Lair:1   | Killed Grum
 14322 | Lair:2   | Found a gate leading to a gauntlet.
 14331 | Gauntlet | Entered a Gauntlet
 14331 | Gauntlet | Found a transporter.
 14331 | Gauntlet | Found a transporter.
 14346 | Gauntlet | Found a transporter.
 14346 | Gauntlet | Found a transporter.
 14354 | Gauntlet | Found a transporter.
 14355 | Gauntlet | Found the +18 shield of the Gong {rElec rN+ MR+ EV-5}
 14357 | Gauntlet | Found a transporter.
 14373 | Gauntlet | Found a transporter.
 14378 | Gauntlet | Noticed a hell beast
 14383 | Gauntlet | Found a transporter.
 14400 | Gauntlet | Found a transporter.
 14403 | Gauntlet | Found a transporter.
 14404 | Gauntlet | Noticed a queen ant
 14415 | Gauntlet | Found a transporter.
 14416 | Gauntlet | Found a transporter.
 14744 | Gauntlet | Reached ***** piety under Vehumet
 14744 | Gauntlet | Reached skill level 1 in Poison Magic
 14762 | Gauntlet | Offered knowledge of Throw Icicle by Vehumet.
 14779 | Gauntlet | Killed a queen ant
 14854 | Gauntlet | Reached skill level 11 in Long Blades
 15096 | Gauntlet | Got a scintillating lapis lazuli ring
 15137 | Gauntlet | Noticed a minotaur
 15600 | Gauntlet | Gained mutation: You do not regenerate when monsters are
                  | visible. [potion of mutation]
 15600 | Gauntlet | Gained mutation: Scrolls take you a little longer to read.
                  | [potion of mutation]
 15600 | Gauntlet | Gained mutation: You are robust. (+10% HP) [potion of
                  | mutation]
 15600 | Gauntlet | Lost mutation: You do not regenerate when monsters are
                  | visible. [potion of mutation]
 15843 | Lair:2   | Found a staircase to the Shoals.
 15871 | Lair:2   | Found a stormy altar of Qazlal.
 15883 | Shoals:1 | Entered Level 1 of the Shoals
 16119 | Lair:2   | Reached skill level 1 in Evocations
 16682 | Lair:3   | Reached skill level 12 in Long Blades
 16744 | Lair:3   | Learned a level 3 spell: Mephitic Cloud
 16972 | Lair:4   | Reached XP level 13. HP: 91/122 MP: 25/25
 17019 | Lair:4   | Identified the ring "Nerilod" {MR+ Int+5 Dex-5 Slay+2
                  | Stlth+} (You found it in a Gauntlet)
 17240 | Lair:4   | Reached skill level 13 in Long Blades
 18274 | Lair:5   | Found a runed translucent door.
 18278 | Lair:5   | Found a viscous altar of Jiyva.
 18279 | Lair:5   | Found a staircase to the Slime Pits.
 18338 | Slime:1  | Entered Level 1 of the Pits of Slime
 18449 | Lair:6   | Entered Level 6 of the Lair of Beasts
 18547 | Lair:5   | Slain by a spiny frog

Levels and vault maps discovered:
D:1:      shiori_arrival_maze, layout_loops_cross
D:2:      layout_loops_cross, lemuel_doored_altar, serial_glass,
          glass_columns_b, glass_columns_b, minmay_strange_pillars,
          item_on_display_a
D:3:      layout_basic, first_ration, minmay_misc_feat_roman, minmay_distorted
D:4:      kennysheep_big_flooded_room, layout_layer_cave,
          gammafunk_ghost_cemetery, amethyst_killhole, uniq_natasha
D:5:      layout_gridville, chequers_temple_overflow_minitemple, serial_shops,
          shop
D:6:      layout_rooms, minmay_temple_entry_stoned_glass,
          ebering_ghost_inner_flame, minmay_gold_behind_fungi
D:7:      layout_loops_ring
D:8:      layout_cave_pools, enter_ossuary_5
D:9:      layout_loops_corners
D:10:     layout_cave_pools
D:11:     layout_roguey, david_lair_shrubbed, hangedman_fish_farm
D:12:     layout_rooms, orc_0_dummy, portal_ice_cave_entry_pillars_2, drop_trap,
          uniq_josephine, uniq_sonja
Temple:   eino_temple_rhombus
Lair:1:   layout_roguey, beast_lair_carwin_11, uniq_grum
Lair:2:   layout_cave_pods, elwin_shoals_entry_rocks, gauntlet_entry_generic,
          lemuel_oklob_altar, serial_bayou_shore_b, grunt_megastairs_4
Lair:3:   layout_small_grid, spider_nest_entry_a, guppyfry_lair_drakes,
          grunt_megastairs_3
Lair:4:   layout_long_grid
Lair:5:   layout_roguey, slime_altar_2, minmay_lair_oklob_chamber
Lair:6:   evilmike_catoblepas_cave, layout_gridlike, kennysheep_rathole
Shoals:1: layout_shoals
Slime:1:  layout_caves

Skill      XL: |  1  2  3  4  5  6  7  8  9 10 11 12 13 |
---------------+----------------------------------------+-----
Long Blades    | 3 4 5 6 9 10 12 13 | 13.8
Fighting       | 4 5 7 9 |  9.0
Hexes          | 3 4 |  4.2
Dodging        | 5 6 7 8 |  8.0
Spellcasting   | 6 8 |  8.0
Conjurations   | 3 5 |  5.1
Earth Magic    | 6 |  6.1
Charms         | 6 |  6.0
Necromancy     | 2 |  2.1
Poison Magic   | 1 |  1.6
Evocations     | 1 |  1.1
Ice Magic      | |  0.3

Action                   |  1- 3 |  4- 6 |  7- 9 | 10-12 | 13-15 || total
-------------------------+-------+-------+-------+-------+-------++-------
Melee: Falchion          |   117 |   254 |   564 |   374 |       ||  1309
       Tailslap          |    15 |    36 |   123 |   175 |    35 ||   384
       Great sword       |       |       |       |   464 |   143 ||   607
       Dagger            |       |       |       |    25 |       ||    25
Throw: Dart              |       |       |       |     6 |       ||     6
 Cast: Infusion          |     2 |       |       |       |       ||     2
       Spectral Weapon   |       |     2 |    10 |    12 |     1 ||    25
       Shroud of Golubri |       |       |     2 |     3 |       ||     5
       Regeneration      |       |       |     1 |    25 |     1 ||    27
       Throw Flame       |       |       |       |     7 |       ||     7
       Throw Frost       |       |       |       |     6 |       ||     6
       Bolt of Magma     |       |       |       |    25 |       ||    25
       Olgreb's Toxic Ra |       |       |       |    19 |     4 ||    23
       Mephitic Cloud    |       |       |       |     1 |       ||     1
Evoke: Sack of spiders   |       |       |       |     4 |       ||     4
  Use: Scroll            |     1 |       |     8 |    17 |     6 ||    32
       Potion            |       |     2 |     2 |     6 |     1 ||    11
 Stab: Sleeping          |     1 |     5 |       |     6 |       ||    12
       Distracted        |       |       |     1 |       |     1 ||     2
       Confused          |       |       |       |     1 |       ||     1
  Eat: Chunk             |       |     7 |     9 |    18 |     7 ||    41
       Ration            |       |       |     2 |     8 |       ||    10
Armor: Skin              |    51 |    96 |   288 |   504 |    56 ||   995
Dodge: Dodged            |    86 |   169 |   582 |   951 |   152 ||  1940
       Rpst.: Falchion   |    25 |    44 |   166 |   139 |       ||   374
       Great sword       |       |       |       |   136 |    42 ||   178

Table legend:
 A = Non-vault XP
 B = Vault XP
 C = Vault XP percentage of total XP
 D = Non-vault monster count
 E = Vault monster count
 F = Vault count percentage of total count
                 A         B        C        D         E       F
            +---------+---------+-------+---------+---------+-------
      Total |   37164 |    7614 |  17.0 |     373 |      50 |  11.8
            +---------+---------+-------+---------+---------+-------
        D:1 |      31 |       2 |   6.1 |      19 |       2 |   9.5
        D:2 |     157 |       0 |   0.0 |      32 |       0 |   0.0
        D:3 |      72 |       1 |   1.4 |      21 |       1 |   4.5
        D:4 |      85 |       0 |   0.0 |      11 |       0 |   0.0
        D:5 |     969 |       0 |   0.0 |      20 |       0 |   0.0
        D:6 |     889 |       0 |   0.0 |      13 |       0 |   0.0
        D:7 |    2400 |       0 |   0.0 |      37 |       0 |   0.0
        D:8 |    1039 |       0 |   0.0 |      26 |       0 |   0.0
        D:9 |    1865 |       0 |   0.0 |      17 |       0 |   0.0
       D:10 |    3032 |       0 |   0.0 |      26 |       0 |   0.0
       D:11 |    5462 |     337 |   5.8 |      38 |       1 |   2.6
       D:12 |    2582 |       0 |   0.0 |      23 |       0 |   0.0
     Lair:1 |    3638 |     856 |  19.0 |      12 |       7 |  36.8
     Lair:2 |    3381 |     548 |  13.9 |      17 |       2 |  10.5
     Lair:3 |    1089 |     546 |  33.4 |       6 |       3 |  33.3
     Lair:4 |    6499 |       0 |   0.0 |      33 |       0 |   0.0
     Lair:5 |    3432 |     271 |   7.3 |      19 |       1 |   5.0
     Lair:6 |     321 |     224 |  41.1 |       2 |      14 |  87.5
   Shoals:1 |     221 |       0 |   0.0 |       1 |       0 |   0.0
   Gauntlet |       0 |    4829 | 100.0 |       0 |      19 | 100.0
            +---------+---------+-------+---------+---------+-------
